 Dungeon Crawl Stone Soup version 0.25.0-11-g1f837a76a1 (webtiles) character file.

Game seed: 535082719830322591

49935 mandick the Warrior (level 14, -4/125 HPs)
             Began as a Barachi Gladiator on June 25, 2020.
             Was a High Priest of the Shining One.
             Killed by divine providence
             ... invoked by an orc high priest
              (10 damage)
             ... on level 2 of the Orcish Mines on June 26, 2020.
             The game lasted 01:56:20 (19167 turns).

mandick the Warrior (Barachi Gladiator)            Turns: 19167, Time: 01:56:20

Health: -4/125     AC: 13    Str: 20    XL:     14   Next: 53%
Magic:  27/27      EV: 23    Int: 12    God:    the Shining One [*****.]
Gold:   442        SH:  7    Dex: 17    Spells: 15/19 levels left

rFire    . . .     SeeInvis +   O - +1 scimitar (flame)
rCold    + . .     Gourm    .   Z - +2 buckler
rNeg     + + .     Faith    .   C - +0 troll leather armour
rPois    .         Spirit   .   (helmet restricted)
rElec    .         Reflect  .   V - +0 cloak
rCorr    .         Harm     .   G - +0 pair of gloves
MR       ++...                  (no boots)
Stlth    +.........             D - amulet of regeneration
HPRegen  1.10/turn              K - ring "Sarphub" {rC+ MP+9 AC+4 Int+4 SInv}
MPRegen  0.20/turn              A - ring of protection from magic

@: hasted, glowing, very quick
A: +LOS, swims, beak, hooves 1, molten scales 1, thin skeletal structure 1,
slowness 1, subdued magic 1, strong legs 2
a: Hop, Divine Shield, Cleansing Flame, Summon Divine Warrior, Renounce Religion


You were on level 2 of the Orcish Mines.
You worshipped the Shining One.
The Shining One was extremely pleased with you.
You were not hungry.

You visited 2 branches of the dungeon, and saw 15 of its levels.
You also visited: Bailey.

You collected 1501 gold pieces.
You spent 1059 gold pieces at shops.

Inventory:

Hand Weapons
 J - a +2 short sword of protection
 O - a +1 scimitar of flaming (weapon)
 R - a +3 scimitar
Missiles
 g - 16 poisoned darts
 l - a throwing net
 q - 3 atropa-tipped darts
 H - 38 boomerangs (quivered)
Armour
 v - a +2 robe of resistance
 x - a +2 robe of magic resistance
 C - a +0 troll leather armour (worn)
 G - a +0 pair of gloves (worn)
 V - a +0 cloak (worn)
 Z - a +2 buckler (worn)
Jewellery
 b - an uncursed amulet of the acrobat
 c - a +4 ring of evasion
 n - an uncursed ring of poison resistance
 y - an uncursed ring of ice
 A - a ring of protection from magic (right hand)
 D - an amulet of regeneration (around neck)
 K - the ring "Sarphub" (left hand) {rC+ MP+9 AC+4 Int+4 SInv}
   (You bought it in a shop on level 2 of the Orcish Mines)

   [ring of protection]

   It affects your AC (+4).
   It affects your intelligence (+4).
   It protects you from cold.
   It affects your magic capacity (+9).
   It lets you see invisible.
Wands
 u - a wand of enslavement (7)
 B - a wand of paralysis (16)
 M - a wand of iceblast (9)
 P - a wand of clouds (8)
 T - a wand of acid (8)
Scrolls
 e - 5 scrolls of teleportation
 h - 3 scrolls of magic mapping {unknown}
 j - a scroll of noise {unknown}
 k - 9 scrolls of remove curse
 m - 2 scrolls of enchant weapon {unknown}
 o - 6 scrolls of fog {unknown}
 s - 3 scrolls of fear
 w - a scroll of immolation
 I - 2 scrolls of blinking {unknown}
 Q - a scroll of random uselessness {unknown}
 U - a scroll of vulnerability {unknown}
Potions
 a - a potion of flight
 i - 4 potions of curing
 p - 2 potions of stabbing
 r - a potion of ambrosia
 t - a potion of berserk rage
 z - 4 potions of resistance
 E - 2 potions of cancellation
 N - a potion of brilliance
 W - a potion of invisibility
Comestibles
 d - 5 chunks of flesh
 f - 26 rations


   Skills:
 + Level 16.2 Fighting
 - Level 3.2 Short Blades
 + Level 11.0 Throwing
 - Level 6.6 Armour
 + Level 15.2 Dodging
 - Level 4.0 Shields
 - Level 3.1 Spellcasting
 - Level 3.4 Charms
 - Level 2.0 Translocations
 + Level 5.2 Invocations


You had 15 spell levels left.
You knew the following spells:

 Your Spells              Type           Power        Failure   Level  Hunger
a - Song of Slaying       Chrm           #.......     8%          2    ###....
b - Shroud of Golubria    Chrm/Tloc      #.....       12%         2    ###....

Your spell library contained the following spells:

 Spells                   Type           Power        Failure   Level  Hunger
 Infusion                 Chrm           #...         5%          1    #......
 Blink                    Tloc           N/A          16%         2    ###....
 Corona                   Hex            #......      24%         1    #......
 Magic Dart               Conj           #...         24%         1    #......
 Call Imp                 Summ           #.......     34%         2    ###....
 Slow                     Hex            #.......     34%         2    ###....
 Ozocubu's Armour         Chrm/Ice       #.......     34%         3    ###....
 Spectral Weapon          Hex/Chrm       #.......     34%         3    ###....
 Portal Projectile        Hex/Tloc       #.....       45%         3    ###....
 Conjure Flame            Conj/Fire      #.......     58%         3    ###....
 Inner Flame              Hex/Fire       #.......     58%         3    ###....
 Mephitic Cloud           Conj/Pois/Air  #.......     58%         3    ###....
 Passage of Golubria      Tloc           N/A          73%         4    #####..
 Cause Fear               Hex            #.........   94%         4    #####..
 Leda's Liquefaction      Hex/Erth       #.........   94%         4    #####..
 Disjunction              Tloc           #.........   100%        8    #######


Dungeon Overview and Level Annotations

Branches:
Dungeon (13/15)            Temple (0/1) D:6            Lair (0/6) D:10
    Orc (2/2) D:9             Elf (0/3) Orc:2        Vaults (0/5) D:13
 Bailey (visited)

Altars:
Dithmenos
Fedhas
Hepliaklqana
Okawaru
Uskayaw
Zin
The Shining One
Beogh

Shops:
D:9 ?   Orc:2 =[

Annotations:
Orc:2 Saint Roka


Innate Abilities, Weirdness & Mutations

You can be seen from farther away. (+LOS)
You can swim through water.
You cover ground slowly.
You can hop long distances.
You have a beak for a mouth.
You have large cloven feet.
You are partially covered in molten scales. (AC +2)
You have a somewhat thin skeletal structure. (Dex +2, Stealth)
Your spells are a little easier to cast, but a little less powerful.


Message History

You kill the orc!
Saint Roka calls down the wrath of Beogh upon you.
Beogh smites you!
* * * LOW HITPOINT WARNING * * *
An orc high priest comes into view. It is wielding a +0 scimitar.
Throwing (i - inventory. (/) - cycle)
H - 38 boomerangs (quivered)
Press: ? - help, Shift-Dir - straight line, f/p - Saint Roka
Aim: Saint Roka, wielding a +7 arbalest, wearing a +0 chain mail and quivering 26 bolts (almost dead, extremely poisoned, haloed)
You throw a boomerang. The boomerang hits Saint Roka!
Saint Roka is almost dead.
The orc warrior no longer looks unusually strong.
The orc wizard casts a spell at you. The magic dart hits you.
* * * LOW HITPOINT WARNING * * *
Saint Roka invokes the aid of Beogh against you.
Beogh smites you!
* * * LOW HITPOINT WARNING * * *
The orc high priest mumbles some strange prayers to Beogh against you.
Beogh smites you!
You die...

.....#.# .. #....
.....#.# ##. ##..
##.._#.# ## #.. # ##.
.#...#.# ##.##.#### .# #.
)#...#.### #...%.#.8##'##
## .)..##...#
##%.8.'.)..o.. #
######...###..)[.')oo☼§.8
#
.........#..%..8('(%☼§)oo
#
##............#.@#.8##○##
## #.............##.####
#. #............###..#
##. ............## ##.##
###.. .......#..###
#..##########....
..........####
##...).)))..).#..
..............##
#####.#####.....
..##.#...#####..#####...#
##....
........##...##....##..##
##...


You could see Saint Roka (extremely poisoned), an orc high priest (strong), 2
orc warriors and an orc wizard (fast, strong).

Vanquished Creatures
  2 orc warlords
  A stone giant (Orc:2)
  Erolcha (D:9)
  4 vault guards (D:13)
  A hydra (D:9)
  6 two-headed ogres
  Urug (D:12)
  An orc high priest (Orc:2)
  A death drake (shapeshifter) (D:12)
  An unseen horror (D:11)
  A wizard (D:13)
  11 orc knights
  A deep elf mage (D:13)
  3 cyclopes
  4 orc sorcerers
  An ugly thing (D:12)
  A manticore (D:13)
  A centaur zombie (D:13)
  3 gargoyles
  Psyche (D:8)
  A komodo dragon (D:12)
  5 trolls
  An efreet (D:13)
  4 tengu conjurers
  2 dream sheep
  5 hippogriffs
  A meliai zombie (D:11)
  A vampire (D:11)
  A wraith (D:11)
  A human (D:13)
  3 basilisks
  31 yaks
  9 vampire mosquitoes
  21 wargs
  3 water moccasins
  41 orc warriors
  An ice beast (D:10)
  4 sky beasts
  9 ogres
  9 phantoms
  2 necrophages
  8 centaurs
  8 big kobolds
  11 bullfrogs
  2 gnoll sergeants
  2 water moccasin skeletons
  8 scorpions
  10 killer bees
  15 wights
  A howler monkey (D:6)
  3 bullfrog zombies
  6 crimson imps
  3 jellies
  2 centaur skeletons
  10 hounds
  16 orc priests
  33 orc wizards
  9 iguanas
  13 worker ants
  A hound zombie (D:7)
  3 hound skeletons
  2 worker ant zombies
  Robin (D:3)
  7 gnolls
  18 adders
  An ooze (D:1)
  An adder zombie (D:6)
  3 worms
  4 dart slugs (D:1)
  4 leopard geckos
  125 orcs
  A ball python (D:2)
  7 bats
  7 giant cockroaches
  19 goblins
  12 hobgoblins
  11 jackals
  4 quokkas
  A ball python zombie (D:5)
  8 frilled lizards
  A giant cockroach zombie (D:5)
  42 kobolds
  A leopard gecko skeleton (D:4)
  A quokka skeleton (D:7)
  2 quokka zombies
  4 rats
652 creatures vanquished.

Vanquished Creatures (others)
  2 plants (D:9)
2 creatures vanquished.

Grand Total: 654 creatures vanquished

Notes
Turn   | Place    | Note
-------+----------+-------------------------------------------
     0 | D:1      | mandick the Barachi Gladiator began the quest for the Orb.
     0 | D:1      | Reached XP level 1. HP: 17/17 MP: 1/1
    86 | D:1      | Reached XP level 2. HP: 19/23 MP: 2/2
   222 | D:1      | Reached skill level 3 in Fighting
   764 | D:1      | Reached XP level 3. HP: 29/29 MP: 3/3
  1379 | D:2      | Reached XP level 4. HP: 31/37 MP: 4/4
  1470 | D:2      | Reached skill level 4 in Fighting
  2009 | D:3      | Reached XP level 5. HP: 25/43 MP: 5/5
  2191 | D:3      | Reached skill level 5 in Dodging
  2846 | D:3      | Noticed Robin
  2886 | D:3      | Killed Robin
  2886 | D:3      | Reached skill level 5 in Fighting
  3119 | D:3      | Found an iron altar of Okawaru.
  3693 | D:4      | Reached XP level 6. HP: 49/51 MP: 6/6
  3921 | D:3      | Reached skill level 6 in Fighting
  4237 | D:4      | Found a glowing golden altar of the Shining One.
  4282 | D:4      | Became a worshipper of the Shining One
  4323 | D:4      | Noticed a phantom
  4484 | D:4      | Killed a phantom
  4484 | D:4      | Reached XP level 7. HP: 58/59 MP: 7/7
  4907 | D:4      | Reached skill level 7 in Fighting
  5167 | D:5      | Entered Level 5 of the Dungeon
  5651 | D:5      | Reached skill level 8 in Fighting
  5651 | D:5      | Reached XP level 8. HP: 66/68 MP: 8/8
  5814 | D:5      | Reached * piety under the Shining One
  5918 | D:5      | Found a hazy altar of Hepliaklqana.
  5944 | D:5      | Found a shadowy altar of Dithmenos.
  6114 | D:6      | Reached skill level 9 in Fighting
  6189 | D:6      | Found a glowing silver altar of Zin.
  6355 | D:6      | Reached XP level 9. HP: 73/78 MP: 9/9
  6547 | D:6      | Reached skill level 10 in Fighting
  7212 | D:6      | Reached skill level 10 in Dodging
  7243 | D:6      | Found a staircase to the Ecumenical Temple.
  7460 | D:7      | Reached ** piety under the Shining One
  7460 | D:7      | Reached skill level 11 in Fighting
  7708 | D:7      | Found a flagged portal.
  7730 | Bailey   | Entered a bailey
  7791 | Bailey   | Noticed an orc knight
  7844 | Bailey   | Noticed an orc knight
  7847 | Bailey   | Noticed an orc knight
  8093 | Bailey   | Killed an orc knight
  8093 | Bailey   | Reached XP level 10. HP: 38/86 MP: 10/10
  8182 | Bailey   | Reached skill level 12 in Fighting
  8356 | Bailey   | Killed an orc knight
  8758 | Bailey   | Killed an orc knight
  9269 | Bailey   | Identified the Papyrus of Translocation
 10082 | D:8      | Reached skill level 13 in Fighting
 10229 | D:8      | Noticed a two-headed ogre
 10655 | D:8      | Killed a two-headed ogre
 10655 | D:8      | Reached skill level 5 in Throwing
 10655 | D:8      | Reached XP level 11. HP: 22/98 MP: 11/11
 10982 | D:8      | Found a hide-covered altar of Uskayaw.
 10982 | D:8      | Found a blossoming altar of Fedhas.
 11000 | D:8      | Gained mutation: You are frail. (-10% HP) [potion of
                  | mutation]
 11000 | D:8      | Gained mutation: You are partially covered in molten
                  | scales. (AC +2) [potion of mutation]
 11000 | D:8      | Gained mutation: Your flesh is heat resistant. (rF+)
                  | [potion of mutation]
 11000 | D:8      | Gained mutation: You have a beak for a mouth. [potion of
                  | mutation]
 11001 | D:8      | Lost mutation: Your flesh is heat resistant. (rF+) [potion
                  | of mutation]
 11001 | D:8      | Lost mutation: You are frail. (-10% HP) [potion of
                  | mutation]
 11001 | D:8      | Gained mutation: You are agile. (Dex +2) [potion of
                  | mutation]
 11001 | D:8      | Gained mutation: Your movements are slightly less
                  | encumbered by armour. (ER -2) [potion of mutation]
 11001 | D:8      | Gained mutation: Your spells are a little harder to cast,
                  | but a little more powerful. [potion of mutation]
 11002 | D:8      | Lost mutation: You are agile. (Dex +2) [potion of mutation]
 11002 | D:8      | Lost mutation: Your spells are a little harder to cast, but
                  | a little more powerful. [potion of mutation]
 11002 | D:8      | Lost mutation: Your movements are slightly less encumbered
                  | by armour. (ER -2) [potion of mutation]
 11002 | D:8      | Gained mutation: Your magical capacity is low. (-10% MP)
                  | [potion of mutation]
 11002 | D:8      | Gained mutation: You expend magic power (3 MP) to
                  | strengthen your wands. [potion of mutation]
 11002 | D:8      | Gained mutation: You have a somewhat thin skeletal
                  | structure. (Dex +2, Stealth) [potion of mutation]
 11419 | D:9      | Reached *** piety under the Shining One
 11567 | D:9      | Noticed Psyche
 11609 | D:8      | Killed Psyche
 12059 | D:9      | Found a staircase to the Orcish Mines.
 12085 | D:9      | Found Guduv's Magic Scroll Shoppe.
 12196 | D:9      | Noticed a two-headed hydra
 12388 | D:9      | Killed a three-headed hydra
 12593 | D:10     | Entered Level 10 of the Dungeon
 12609 | D:9      | Reached skill level 1 in Armour
 12644 | D:10     | Found a staircase to the Lair.
 13218 | D:9      | Reached skill level 14 in Fighting
 13318 | D:10     | Reached XP level 12. HP: 24/107 MP: 10/10
 13578 | D:10     | Reached **** piety under the Shining One
 13956 | D:11     | Lost mutation: Your magical capacity is low. (-10% MP)
                  | [potion of mutation]
 13956 | D:11     | Lost mutation: You expend magic power (3 MP) to strengthen
                  | your wands. [potion of mutation]
 13956 | D:11     | Gained mutation: Your spells are a little easier to cast,
                  | but a little less powerful. [potion of mutation]
 13956 | D:11     | Gained mutation: You have large cloven feet. [potion of
                  | mutation]
 13976 | D:11     | Learned a level 2 spell: Song of Slaying
 14026 | D:11     | Noticed a two-headed ogre
 14033 | D:11     | Killed a two-headed ogre
 14033 | D:11     | Reached skill level 1 in Charms
 14072 | D:11     | Reached skill level 1 in Spellcasting
 14401 | D:11     | Noticed a two-headed ogre
 14426 | D:11     | Killed a two-headed ogre
 14448 | D:11     | Learned a level 2 spell: Shroud of Golubria
 14524 | D:11     | Noticed a two-headed ogre
 14550 | D:11     | Killed a two-headed ogre
 14550 | D:11     | Reached skill level 1 in Shields
 14814 | D:12     | Reached skill level 1 in Translocations
 14905 | D:12     | Reached skill level 5 in Armour
 15101 | D:12     | Gained mutation: You can hop long distances. [Barachi
                  | growth]
 15101 | D:12     | Reached XP level 13. HP: 105/114 MP: 17/17
 15125 | D:12     | Reached ***** piety under the Shining One
 15979 | D:12     | Reached skill level 15 in Fighting
 16520 | D:13     | Noticed Urug
 16550 | D:12     | Killed Urug
 16550 | D:12     | Reached skill level 1 in Invocations
 16973 | D:13     | Noticed a vault guard
 17048 | D:13     | Reached skill level 10 in Throwing
 17176 | D:13     | Killed a vault guard
 17209 | D:13     | Noticed a vault guard
 17249 | D:13     | Killed a vault guard
 17342 | D:13     | Found a gate to the Vaults.
 17342 | D:13     | Noticed a vault guard
 17342 | D:13     | Noticed a vault guard
 17373 | D:13     | Killed a vault guard
 17462 | D:13     | Killed a vault guard
 17553 | D:13     | Reached XP level 14. HP: 124/124 MP: 18/18
 17652 | Orc:1    | Entered Level 1 of the Orcish Mines
 17659 | Orc:1    | Noticed Erolcha
 17827 | D:9      | Killed Erolcha
 18011 | Orc:2    | Entered Level 2 of the Orcish Mines
 18011 | Orc:2    | Noticed an orc warlord
 18097 | Orc:1    | Killed an orc warlord
 18160 | Orc:2    | Reached skill level 15 in Dodging
 18182 | Orc:2    | Found a roughly hewn altar of Beogh.
 18219 | Orc:2    | Found Kaboih's Jewellery Shop.
 18225 | Orc:2    | Bought the ring "Sarphub" {rC+ MP+9 AC+4 Int+4 SInv} for
                  | 1059 gold pieces
 18411 | Orc:2    | Noticed an orc warlord
 18474 | Orc:2    | Killed an orc warlord
 18474 | Orc:2    | Reached skill level 16 in Fighting
 18586 | Orc:2    | Noticed a stone giant
 18640 | Orc:2    | HP: 1/125 [stone giant (36)]
 18642 | Orc:2    | Killed a stone giant
 18786 | Orc:2    | Found a roughly hewn altar of Beogh.
 18820 | Orc:2    | Found Ruathrih's Armour Shoppe.
 18864 | Orc:2    | Reached skill level 5 in Invocations
 18956 | Orc:2    | Found a staircase to the Elven Halls.
 18973 | Orc:2    | Found a roughly hewn altar of Beogh.
 19142 | Orc:2    | Noticed Saint Roka
 19167 | Orc:2    | HP: 6/125 [Saint Roka/divine providence (16)]
 19167 | Orc:2    | Killed from afar by an orc high priest

Illustrated notes

Levels and vault maps discovered:
D:1:      dpeg_arrival_orchard, layout_basic, kennysheep_decorative_pillar,
          nrook_mini_vaults
D:2:      cheibrodos_old_hovel, layout_loops_ring
D:3:      layout_basic, first_ration, minmay_misc_feat_more_columns,
          okawaru_ov_weapons_minmay, uniq_robin
D:4:      layout_loops_corners, kennysheep_nub, tso_metal_star
D:5:      layout_loops_ring, marbit_many_paths, grunt_dithmenos_shadows
D:6:      minmay_chambers_of_fours, layout_basic,
          minmay_temple_entry_gardened_gates, minmay_ruined_shrine
D:7:      layout_gridville, enter_bailey_3
D:8:      layout_rooms, amethyst_overflow_temple_binary
D:9:      layout_small_grid, orc_0_dummy, serial_shops, shop, hangedman_ranch
          [blue_anna_fruit_fields], hangedman_corner_corridor, uniq_psyche
D:10:     layout_basic, david_lair_generic
D:11:     layout_roguey, kennysheep_kite_vault
D:12:     lemuel_castle_with_subvaults [lemuel_castle_interior_carwin_3],
          layout_irregular_city
D:13:     layout_loops_ring, grunt_vaults_entry_fortified, uniq_urug
Orc:1:    layout_caves, sword_in_stone, uniq_nergalle, uniq_snorg, uniq_erolcha
Orc:2:    grunt_orc_community_town_hall, layout_diamond_mine,
          grunt_orc_community_big_house_1, grunt_orc_community_big_house_2,
          grunt_orc_community_house_3, grunt_orc_community_house_2,
          grunt_orc_community_house_1, grunt_orc_community_house_3,
          grunt_orc_community_house_3, nicolae_volcano_entry_vermiform

Skill      XL: |  1  2  3  4  5  6  7  8  9 10 11 12 13 14 |
---------------+-------------------------------------------+-----
Fighting       | 3 4 5 6 8 9 11 13 14 15 16 | 16.2
Dodging        | 4 5 6 7 9 11 12 13 14 15 | 15.2
Throwing       | 5 7 9 10 11 | 11.0
Armour         | 2 5 6 |  6.6
Charms         | 3 |  3.4
Spellcasting   | 3 |  3.1
Shields        | 3 4 |  4.0
Translocations | 2 |  2.0
Invocations    | 3 5 |  5.2
Short Blades   | |  3.2

Action                   |  1- 3 |  4- 6 |  7- 9 | 10-12 | 13-15 || total
-------------------------+-------+-------+-------+-------+-------++-------
Melee: Rapier            |   124 |     3 |       |       |       ||   127
       Falchion          |       |   143 |    68 |   608 |   130 ||   949
       Dagger            |       |   134 |   116 |       |       ||   250
       Short sword       |       |       |   319 |       |       ||   319
       Unarmed           |       |       |       |     5 |       ||     5
       Peck              |       |       |       |   119 |   155 ||   274
       Kick              |       |       |       |    75 |   257 ||   332
       Scimitar          |       |       |       |       |   341 ||   341
 Fire: Hunting sling     |       |       |    35 |     7 |       ||    42
Throw: Stone             |       |     4 |       |       |       ||     4
       Dart              |       |    14 |    54 |    30 |     3 ||   101
       Throwing net      |       |       |     3 |     3 |     2 ||     8
       Boomerang         |       |       |       |   277 |   305 ||   582
       Javelin           |       |       |       |    16 |    29 ||    45
 Cast: Shroud of Golubri |       |       |       |       |     1 ||     1
       Song of Slaying   |       |       |       |       |     1 ||     1
Invok: Divine Shield     |       |       |       |     2 |     6 ||     8
 Abil: Hop               |       |     1 |       |     9 |     7 ||    17
Evoke: Wand              |       |       |       |     2 |     4 ||     6
  Use: Potion            |       |     1 |       |     7 |     6 ||    14
       Scroll            |       |       |       |    17 |     1 ||    18
  Eat: Chunk             |     2 |     8 |    13 |    23 |    16 ||    62
       Ration            |       |     1 |       |     1 |       ||     2
Armor: Leather armour    |    43 |    60 |       |    65 |       ||   168
       Skin              |       |     5 |       |     1 |       ||     6
       Robe              |       |     4 |    96 |    43 |       ||   143
       Troll leather arm |       |       |       |    30 |    73 ||   103
Dodge: Dodged            |   102 |   212 |   369 |   852 |   469 ||  2004
Block: Other             |       |       |       |    11 |       ||    11
       Buckler           |       |       |       |       |   242 ||   242
       Rpst.: Falchion   |       |    45 |    22 |   232 |    29 ||   328
       Scimitar          |       |       |       |       |    96 ||    96
